 Dungeon Crawl Stone Soup version 0.32-a0-918-g0f22ef8d61 (webtiles) character file.

Game seed: 16276714088316404874

370 AdnanSaban the Cudgeller (level 6, -5/38 HPs)
             Began as a Gargoyle Fighter on Apr 11, 2024.
             Slain by an ice beast (6 damage)
             ... on level 5 of the Dungeon.
             The game lasted 00:06:31 (3782 turns).

AdnanSaban the Cudgeller (Gargoyle Fighter)         Turns: 3782, Time: 00:06:32

Health: -5/38      AC: 18    Str: 21    XL:     6   Next: 70%
Magic:  6/6        EV:  5    Int:  9    God:
Gold:   262        SH:  5    Dex: 15    Spells: 5/5 levels left

rFire   . . .        a - +0 flail
rCold   . . .        c - +0 buckler
rNeg    + . .        p - +0 plate armour
rPois   ∞            u - +0 helmet
rElec   +            (no cloak)
rCorr   .            (no gloves)
SInv    .            e - +0 pair of boots
Will    .....        (no amulet) Stlth
                     s - +6 ring of dexterity
HPRegen 0.26/turn    (no ring)
MPRegen 0.10/turn

%: no passive effects
@: no status effects
A: sickness immunity, AC +4, negative energy resistance 1, electricity
resistance, torment resistance 1, petrification resistance
a: no special abilities


You were on level 5 of the Dungeon.
You visited 1 branch of the dungeon, and saw 5 of its levels.

You collected 262 gold pieces.

Inventory:

Hand Weapons
 a - a +0 flail (weapon)
Missiles
 k - 4 poisoned darts (quivered)
 v - 4 curare-tipped darts
Armour
 c - a +0 buckler (worn)
 e - a +0 pair of boots (worn)
 p - a +0 plate armour (worn)
 u - a +0 helmet (worn)
Jewellery
 s - a +6 ring of dexterity (left hand)
Scrolls
 h - 2 scrolls of fog {unknown}
 j - a scroll of poison {unknown}
 l - 3 scrolls of amnesia {unknown}
 m - 4 scrolls of immolation {unknown}
 n - 2 scrolls of enchant armour {unknown}
 o - 2 scrolls of identify {unknown}
 q - a scroll of enchant weapon {unknown}
 r - a scroll of brand weapon {unknown}
 w - 3 scrolls of teleportation {unknown}
 x - a scroll of silence {unknown}
Potions
 b - a potion of lignification {unknown}
 d - 2 potions of might
 f - 2 potions of curing {unknown}
 g - 3 potions of degeneration {unknown}
 i - a potion of mutation {unknown}
 t - a potion of heal wounds {unknown}


   Skills:
 + Level 4.2 Fighting
 + Level 4.8 Maces & Flails
 + Level 4.7 Armour
 + Level 0.7 Dodging
 + Level 4.2 Shields


You had 5 spell levels left.
You didn't know any spells.
Your spell library contained the following spells:

 Spells                   Type           Power      Damage    Failure   Level
 Freeze                   Ice            0%         1d3       100%        1
 Magic Dart               Conj           0%         1d3       100%        1
 Searing Ray              Conj           0%         2d4       100%        2
 Frozen Ramparts          Ice            0%         1d1       100%        3
 Hailstorm                Conj/Ice       0%         3d5       100%        3
 Fulminant Prism          Conj/Alch      0%         3d5       100%        4


Dungeon Overview and Level Annotations

Branches:
Dungeon (5/15)
 Temple: D:4-7

Altars:
Zin

Shops:
D:2 =:=*   D:4 *

Annotations:
D:3 1 runed translucent door, Crazy Yiuf


Innate Abilities, Weirdness & Mutations

You are immune to sickness and miasma.
Your stone body is resilient. (AC +4)
You are immune to poison.
You resist negative energy. (rN+)
You are resistant to electric shocks. (rElec)
You are resistant to unholy torment.
You are immune to petrification.


Message History

You closely miss the ice beast.
The ice beast hits you but does no damage.
You hit the ice beast.
The ice beast is lightly wounded.
The ice beast hits you but does no damage.
You closely miss the ice beast.
The ice beast is lightly wounded.
The ice beast hits you but does no damage.
You hit the ice beast but do no damage.
The ice beast is lightly wounded.
The ice beast hits you but does no damage.
You hit the ice beast.
The ice beast is moderately wounded.
The ice beast hits you but does no damage.
You hit the ice beast.
The ice beast is moderately wounded.
The ice beast hits you. The ice beast freezes you! The ice beast hits you.
The ice beast freezes you!
* * * LOW HITPOINT WARNING * * *
You are too injured to fight recklessly!
You are too injured to fight recklessly!
You are too injured to fight recklessly!
You barely miss the ice beast.
The ice beast is moderately wounded.
The ice beast hits you but does no damage.
You thump the ice beast!
The ice beast is severely wounded.
The ice beast hits you but does no damage.
You sock the ice beast!
The ice beast is almost dead.
The ice beast hits you.
* * * LOW HITPOINT WARNING * * *
The ice beast freezes you!
* * * LOW HITPOINT WARNING * * *
You hit the ice beast but do no damage.
The ice beast is almost dead.
You block the ice beast's attack. The ice beast hits you.
* * * LOW HITPOINT WARNING * * *
The ice beast freezes you.
You die...

#......<.......#
#..#!#...#........# ##..
###.#.#......# ..>
#.#.#..#...# ##..
#.#.#......# #...
#........#.# #...
#.#####.##.##
#..Y#####.........!.#
.#.#...@.....#####.#####
..........(#.# #.#
##.#.......#.# #.#
...........#.# #.#
#..#.......#.# #.# #.
#.......#.# #.# .
.........#.# #.#
..#....####.# #.#
#..#....# #.#


You could see an ice beast.

Vanquished Creatures
  Sigmund (D:3)
  A black bear (D:4)
  Jessica (D:2)
  Robin (D:3)
  4 dart slugs
  2 ribbon worms (D:2)
  4 orcs
  11 ball pythons
  4 endoplasms
  2 giant cockroaches (D:1)
  12 goblins
  8 hobgoblins
  2 jackals (D:3)
  5 quokkas
  4 bats
  7 frilled lizards
  8 kobolds
  2 rats
79 creatures vanquished.

Notes
Turn   | Place    | Note
-------+----------+-------------------------------------------
     0 | D:1      | AdnanSaban the Gargoyle Fighter began the quest for the
                  | Orb.
     0 | D:1      | Reached XP level 1. HP: 14/14 MP: 1/1
   162 | D:1      | Reached XP level 2. HP: 19/19 MP: 2/2
   883 | D:2      | Found Ucvarch's Book Emporium.
   901 | D:2      | Found Volec's Jewellery Emporium.
   933 | D:2      | Reached XP level 3. HP: 16/24 MP: 3/3
  1061 | D:2      | Found Medohiukh's Assorted Antiques.
  1080 | D:2      | Noticed Jessica
  1090 | D:2      | Killed Jessica
  1114 | D:2      | Found Iqetaok's Jewellery Shoppe.
  1540 | D:2      | Reached XP level 4. HP: 29/29 MP: 4/4
  1873 | D:3      | Noticed Robin
  2017 | D:3      | Killed Robin
  2059 | D:3      | Found a faded altar of an unknown god.
  2069 | D:3      | Noticed Sigmund
  2426 | D:3      | Found a runed translucent door.
  2427 | D:3      | Noticed Crazy Yiuf
  2469 | D:3      | Reached XP level 5. HP: 33/33 MP: 5/5
  2591 | D:3      | Killed Sigmund
  2592 | D:3      | Reached XP level 6. HP: 22/38 MP: 6/6
  3045 | D:4      | Found Huil's Mass Market.
  3110 | D:4      | Noticed a black bear
  3116 | D:4      | Killed a black bear
  3178 | D:4      | Found a glowing silver altar of Zin.
  3673 | D:5      | Entered Level 5 of the Dungeon
  3770 | D:5      | Noticed an ice beast
  3782 | D:5      | HP: 1/38 [ice beast (1)]
  3782 | D:5      | Slain by an ice beast

Illustrated notes

Levels and vault maps discovered:
D:1:      dpeg_chamrin_arrival_tetris, layout_basic, nicolae_eternal_life,
          minmay_small_reverse_x
D:2:      layout_loops_ring, serial_glass, glass_columns_b, glass_columns_c,
          serial_shops, nicolae_shop_temple_entry_statues_fountains,
          nicolae_shop_gaudy_bauble, shop, shop, roderic_serpentine_path,
          minmay_fractal_squares_5, uniq_jessica
D:3:      layout_basic, shapermc_ecumenical_altar_pompeii, chequers_big_river,
          minivault_27, minmay_starry_boxes, uniq_crazy_yiuf_cottage,
          uniq_robin, uniq_sigmund
D:4:      layout_loops_ring, zin_treasury, minmay_shop_mass
D:5:      layout_basic, trog_wizard, temple_green, gup_sewer_entry_glass,
          uniq_blork_the_orc

Skill      XL: |  1  2  3  4  5 |
---------------+----------------+-----
Maces & Flails | 3 4 |  4.8
Armour         | 4 |  4.7
Fighting       | 4 |  4.2
Shields        | 4 |  4.2
Dodging        | |  0.7

Action                     |  1- 3 |  4- 6 || total
---------------------------+-------+-------++-------
  Melee: Flail             |    94 |   153 ||   247
  Throw: Dart              |     1 |       ||     1
 Armour: Scale mail        |    68 |       ||    68
         Plate armour      |    21 |   165 ||   186
  Dodge: Dodged            |    39 |    41 ||    80
  Block: Buckler           |    22 |    42 ||    64

Table legend: (Time is in decaauts)
 A = Elapsed time spent in this place.
 B = Non-inter-level travel time spent in this place.
 C = Inter-level travel time spent in this place.
 D = Time resting spent in this place.
 E = Time spent auto-exploring this place.
 F = Levels seen in this place.
 G = Mean time per level.
                   A        B        C        D        E       F      G
               +--------+--------+--------+--------+--------+-----+--------+
         Total |   3861 |   3719 |    142 |     18 |   3035 |   5 |  772.2 |
       Dungeon |   3861 |   3719 |    142 |     18 |   3035 |   5 |  772.2 |
               +--------+--------+--------+--------+--------+-----+--------+

Top non-repeatable levels by time:
     D:3: 1261 daAuts
     D:2: 1035 daAuts
     D:1: 806 daAuts
     D:4: 674 daAuts
     D:5: 83 daAuts
